 Dungeon Crawl Stone Soup version 0.22-a0-280-g69bf1f3 (webtiles) character file.

507 galech the Ruffian (level 6, -1/62 HPs)
             Began as a Troll Monk on Mar 16, 2018.
             Slain by an ogre
             ... wielding a +0 giant club
              (11 damage)
             ... on level 4 of the Dungeon.
             The game lasted 00:04:19 (2654 turns).

galech the Ruffian (Troll Monk)                     Turns: 2654, Time: 00:04:20

Health: -1/62      AC:  5    Str: 22    XL:     6   Next: 97%
Magic:  5/5        EV:  9    Int:  6    God:
Gold:   22         SH:  8    Dex: 12    Spells: 5/5 levels left

rFire    . . .     SeeInvis .     - Unarmed
rCold    + . .     Gourm    +   q - +0 shield
rNeg     . . .     Faith    .   a - +0 robe
rPois    +         Spirit   .   (helmet restricted)
rElec    .         Reflect  .   (no cloak)
rCorr    .         Harm     .   (gloves unavailable)
MR       .....                  (boots unavailable)
Stlth    ++........             n - amulet of rage
HPRegen  0.60/turn              o - ring of protection from cold
MPRegen  0.09/turn              p - ring of poison resistance

@: no status effects
A: large, unfitting armour, claws 3, fast metabolism 3, gourmand, regeneration
1, shaggy fur 1, tough skin 2
a: Evoke Berserk Rage


You were on level 4 of the Dungeon.
You were completely stuffed.

You visited 1 branch of the dungeon, and saw 5 of its levels.

You collected 230 gold pieces.
You spent 208 gold pieces at shops.

Inventory:

Armour
 a - a +0 robe (worn)
 q - a +0 shield (worn)
Jewellery
 n - an amulet of rage (around neck)
 o - a ring of protection from cold (left claw)
 p - a ring of poison resistance (right claw)
Scrolls
 c - 3 scrolls of identify {unknown}
 f - a scroll of teleportation {unknown}
 h - a scroll of fear {unknown}
 i - 3 scrolls of remove curse {unknown}
 k - a scroll of blinking {unknown}
Potions
 d - 4 potions of cancellation
 e - 2 potions of resistance {unknown}
 g - a potion of heal wounds {unknown}
 j - a potion of agility {unknown}
 l - a potion of curing {unknown}
 m - 2 potions of haste {unknown}
Comestibles
 b - 7 rations
 r - 3 chunks of flesh


   Skills:
 + Level 3.7 Fighting
 + Level 3.7 Dodging
 - Level 1.0 Stealth
 + Level 1.7 Shields
 * Level 5.7 Unarmed Combat


You had 5 spell levels left.
You didn't know any spells.

Dungeon Overview and Level Annotations

Branches:
Dungeon (5/15)
 Temple: D:4-7

Altars:
Nemelex Xobeh

Shops:
D:4 !

Annotations:
D:4 neds's ghost, weakling DrTm


Innate Abilities, Weirdness & Mutations

You are too large for most types of armour.
You have claws for hands.
Your metabolism is lightning-fast.
You like to eat raw meat.
Your natural rate of healing is unusually fast.
You are covered in fur. (AC +1)
You have very tough skin. (AC +2)


Message History

You are too injured to fight recklessly!
You are too injured to fight recklessly!
You are too injured to fight recklessly!
You are too injured to fight recklessly!
You are too injured to fight recklessly!
You are too injured to fight recklessly!
You are too injured to fight recklessly!
You are too injured to fight recklessly!
You are too injured to fight recklessly!
You are too injured to fight recklessly!
You are too injured to fight recklessly!
You are too injured to fight recklessly!
You are too injured to fight recklessly!
You are too injured to fight recklessly!
You scratch the ogre.
The ogre is severely wounded.
You claw the ogre!
The ogre is almost dead.
The ogre hits you with a giant club!
You die...

........#'#####'##'###'####'#..
...............................
...............................
.................รท.............
...............................
.................O.............
.............#[######'##.....^.
.............#)O..#....#[......
.............#@...+....#.......
............#....#....#.....##
######.....#....#....#.....#
+.....#...#######.....#
#.....#...# ..........#
#.....##### ..........#
...........# ...........#
...........#


You could see an ogre.

Vanquished Creatures
  Grinder (D:4)
  A big kobold (D:4)
  A scorpion (D:4)
  2 worker ants (D:4)
  6 adders
  2 worms
  3 dart slugs
  7 leopard geckos
  5 orcs (D:4)
  2 giant cockroaches (D:1)
  6 goblins
  10 hobgoblins
  10 jackals
  A quokka (D:3)
  5 bats
  5 frilled lizards
  A jackal skeleton (D:4)
  3 kobolds
  12 rats
83 creatures vanquished.

Notes
Turn   | Place    | Note
-------+----------+-------------------------------------------
     0 | D:1      | galech the Troll Monk began the quest for the Orb.
     0 | D:1      | Reached XP level 1. HP: 22/22 MP: 0/0
   168 | D:1      | Reached XP level 2. HP: 21/29 MP: 1/1
   572 | D:1      | Reached XP level 3. HP: 33/36 MP: 2/2
   899 | D:2      | Reached skill level 4 in Unarmed Combat
   924 | D:2      | Reached XP level 4. HP: 44/44 MP: 3/3
  1853 | D:3      | You fall through a shaft for 2 floors!
  1853 | D:5      | Entered Level 5 of the Dungeon
  1875 | D:5      | Noticed a phantom
  1883 | D:4      | Found Cepheono's Distillery.
  1883 | D:4      | Noticed neds's ghost (weakling DrTm)
  1884 | D:4      | Noticed an ogre
  2113 | D:3      | Found a sparkling altar of Nemelex Xobeh.
  2194 | D:4      | Noticed a big kobold
  2217 | D:4      | Killed a big kobold
  2217 | D:4      | Reached XP level 5. HP: 26/53 MP: 4/4
  2296 | D:4      | Noticed Grinder
  2315 | D:4      | Killed Grinder
  2315 | D:4      | Reached skill level 1 in Shields
  2315 | D:4      | Reached skill level 5 in Unarmed Combat
  2315 | D:4      | Reached XP level 6. HP: 31/61 MP: 5/5
  2460 | D:4      | Bought 2 potions of cancellation for 208 gold pieces
  2654 | D:4      | Slain by an ogre

Vault maps used:
D:1:      elethiomel_arrival_fortress_basement
D:2:      minmay_pentomino_r2
D:3:      nemelex_spade_bored_becter
D:4:      serial_shops, shop, makhleb_altar_promises_db, uniq_eustachio,
          uniq_grinder
D:5:      temple_green, first_ration, uniq_ijyb, uniq_menkaure

Skill      XL: |  1  2  3  4  5 |
---------------+----------------+-----
Unarmed Combat | 4 5 |  5.7
Fighting       | 3 |  3.7
Dodging        | 3 |  3.7
Shields        | 1 |  1.7
Stealth        | |  1.0

Action                   |  1- 3 |  4- 6 || total
-------------------------+-------+-------++-------
Melee: Unarmed           |   122 |   153 ||   275
       Punch             |     2 |       ||     2
 Stab: Sleeping          |     2 |       ||     2
  Eat: Chunk             |    14 |    16 ||    30
Armor: Robe              |    45 |    50 ||    95
Dodge: Dodged            |    70 |    74 ||   144
Block: Shield            |       |    18 ||    18

Table legend:
 A = Spawn XP
 B = Non-spawn XP
 C = Spawn XP percentage of total XP
 D = Spawn monster count
 E = Non-spawn monster count
 F = Spawn count percentage of total count
 G = Total turns spent on level
                    A         B        C        D         E        F      G
               +---------+---------+-------+---------+---------+-------+---------
         Total |       0 |     725 |   0.0 |       0 |      83 |   0.0 |  2654
               +---------+---------+-------+---------+---------+-------+---------
           D:1 |       0 |      50 |   0.0 |       0 |      27 |   0.0 |   820
           D:2 |       0 |     101 |   0.0 |       0 |      29 |   0.0 |   747
           D:3 |       0 |      27 |   0.0 |       0 |       9 |   0.0 |   629
           D:4 |       0 |     542 |   0.0 |       0 |      17 |   0.0 |   428
           D:5 |       0 |       5 |   0.0 |       0 |       1 |   0.0 |    30
               +---------+---------+-------+---------+---------+-------+---------
